 Dungeon Crawl Stone Soup version 0.23.2-1-ga50397a (webtiles) character file.

Game seed: 11910993052852922667

65 d3adstar the Skirmisher (level 4, -1/29 HPs)
             Began as a Gargoyle Monk on May 25, 2019.
             Slain by a leopard gecko (3 damage)
             ... on level 3 of the Dungeon.
             The game lasted 00:32:34 (1743 turns).

d3adstar the Skirmisher (Gargoyle Monk)             Turns: 1743, Time: 00:32:34

Health: -1/29      AC: 11    Str: 14 (16) XL:     4   Next: 13%
Magic:  4/4        EV:  4    Int: 10      God:
Gold:   115        SH:  0    Dex:  9 (12) Spells: 3/3 levels left

rFire    . . .     SeeInvis .   o - -2 club (curse)
rCold    . . .     Gourm    .   (no shield)
rNeg     + . .     Faith    .   q - +0 chain mail
rPois    ∞         Spirit   .   (no helmet)
rElec    +         Reflect  .   (no cloak)
rCorr    .         Harm     .   (no gloves)
MR       .....                  (no boots)
Stlth    ..........             (no amulet)
HPRegen  0.09/turn              g - -2 ring of evasion (curse)
MPRegen  0.09/turn              (no ring)

@: no status effects
A: negative energy resistance 1, electricity resistance, unbreathing,
petrification resistance, rot immunity, AC +3
a: no special abilities


You were on level 3 of the Dungeon.
You were not hungry.

You visited 1 branch of the dungeon, and saw 3 of its levels.

You collected 115 gold pieces.

Inventory:

Hand Weapons
 a - a +0 mace
 h - a +0 dagger
 i - a +0 club
 l - a +0 club
 n - a +0 mace
 o - a cursed -2 club (weapon)
 p - a +0 short sword
 r - a +0 short sword
 s - a +0 hunting sling of freezing
Missiles
 d - 31 arrows
 e - 46 bolts
 f - 117 stones (quivered)
 k - 10 poisoned needles
Armour
 b - a +0 robe
 j - a +0 robe
 q - a +0 chain mail (worn)
 u - a +0 robe
Jewellery
 g - a cursed -2 ring of evasion (left hand)
Scrolls
 t - a scroll of remove curse {unknown}
 v - a scroll of random uselessness
Potions
 m - 2 potions of agility
Comestibles
 c - a ration


   Skills:
 + Level 3.9 Fighting
 + Level 3.8 Maces & Flails
 + Level 0.2 Throwing
 + Level 2.9 Dodging
 + Level 2.3 Stealth


You had 3 spell levels left.
You didn't know any spells.
Your spell library was empty.

Dungeon Overview and Level Annotations

Branches:
Dungeon (3/15)

Altars:
Okawaru


Innate Abilities, Weirdness & Mutations

You are resistant to torment.
Your stone body is resilient. (AC +3)
You are immune to poison.
You resist negative energy. (rN+)
You are resistant to electric shocks. (rElec)
You can survive without breathing.
You are immune to petrification.
You are immune to rotting.


Message History

The leopard gecko bites you but does no damage.
You hit the leopard gecko.
The leopard gecko is heavily wounded.
The leopard gecko bites you but does no damage.
You miss the leopard gecko.
The leopard gecko is heavily wounded.
The leopard gecko barely misses you.
The leopard gecko bites you but does no damage.
You barely miss the leopard gecko.
The leopard gecko is heavily wounded.
The leopard gecko bites you.
* * * LOW HITPOINT WARNING * * *
You miss the leopard gecko.
The leopard gecko is heavily wounded.
The leopard gecko bites you.
* * * LOW HITPOINT WARNING * * *
You hit the leopard gecko.
The leopard gecko is almost dead.
The leopard gecko bites you.
You die...

#.##.#....... #.##......#
..+ #.# #.....# ..# #.#
#.#.### ..##### #.# #.#.#
....... ####.# #.#.#
....... .....# #...#
.......
...†.####..#######o.....(
................@lo......
....######.#######o......
....# #>.. ....... ....#
##### ######. ....# #####
##### ....#


You could see 3 orcs and a leopard gecko.

Vanquished Creatures
  2 adders
  2 oozes (D:2)
  A worm (D:2)
  A dart slug (D:1)
  3 leopard geckos
  4 goblins
  6 hobgoblins
  4 kobolds
  A ball python (D:1)
  3 bats
  A frilled lizard (D:2)
  3 rats
31 creatures vanquished.

Notes
Turn   | Place    | Note
-------+----------+-------------------------------------------
     0 | D:1      | d3adstar the Gargoyle Monk began the quest for the Orb.
     0 | D:1      | Reached XP level 1. HP: 14/14 MP: 1/1
   335 | D:1      | Reached XP level 2. HP: 14/19 MP: 2/2
   617 | D:2      | Reached XP level 3. HP: 22/23 MP: 3/3
  1337 | D:3      | Reached XP level 4. HP: 29/29 MP: 4/4
  1403 | D:3      | Found an iron altar of Okawaru.
  1743 | D:3      | Slain by a leopard gecko

Action                   |  1- 3 |  4- 6 || total
-------------------------+-------+-------++-------
Melee: Mace              |   104 |       ||   104
       Club              |       |    78 ||    78
       Short sword       |       |     9 ||     9
Throw: Stone             |     4 |       ||     4
  Use: Potion            |     5 |     1 ||     6
       Scroll            |     4 |     1 ||     5
 Stab: Distracted        |     1 |       ||     1
  Eat: Ration            |     1 |       ||     1
Armor: Robe              |    34 |       ||    34
       Chain mail        |     5 |   103 ||   108
Dodge: Dodged            |    56 |    27 ||    83
